 Dungeon Sprint DCSS version 0.32-a0-450-g080537f31e (webtiles) character file.

Game seed: 7206060507846845207

4400000 adelrune the Intangible (level 26, -51/221 HPs)
             Began as a Djinni Warper on Feb 23, 2024.
             Was the Champion of Makhleb.
             Annihilated by a sculptor of flesh
             ... wielding a +9 great sword
              (245 damage)
             ... in the Dungeon (Sprint VIII: "Arena of Blood").
             The game lasted 00:01:59 (44 turns).

adelrune the Intangible (Djinni Warper)               Turns: 44, Time: 00:02:00

Health: -51/221    AC:  6    Str: 10    XL:     26   Next: 45%
Gold:   0          EV: 33    Int: 18    God:    Makhleb [******] SH:  0 Dex: 22

rFire   + + .        i - +∞ Axe of Woe
rCold   x . .        (shield currently unavailable)
rNeg    . . .        b - +0 leather armour
rPois   ∞            (no helmet)
rElec   .            (no cloak)
rCorr   .            (no gloves)
SInv    .            (boots unavailable)
Will    ++...        (no amulet)
Stlth   ++++++++++   (no ring)
HPRegen 0.56/turn    (no ring)
MPRegen 0.00/turn

%: no teleportation, infuse magic (-52 HP)
@: flying
A: sickness immunity, fire resistance 2, cold vulnerability 1, float, innate
caster, HP casting, extra vitality 1
a: Renounce Religion, Minor Destruction, Lesser Servant of Makhleb, Major
Destruction, Greater Servant of Makhleb


You were in the Dungeon.
You worshipped Makhleb.
Makhleb was exalted by your worship.
You visited 1 branch

Inventory:

Hand Weapons
 a - a +0 hand axe
 i - the +∞ Axe of Woe (weapon)
   (You found it in the Dungeon)
Missiles
 d - 7 darts of dispersal (quivered)
Armour
 b - a +0 leather armour (worn)
Scrolls
 c - 2 scrolls of blinking
Potions
 e - a potion of curing
 f - a potion of heal wounds
 g - a potion of haste
 h - a potion of berserk rage


   Skills:
 O Level 27 Fighting
 + Level 19.7(22.9) Short Blades
 + Level 19.7(22.9) Long Blades
 O Level 27 Axes
 + Level 18.2(26.7) Maces & Flails
 + Level 18.2(26.7) Polearms
 + Level 19.7(25.5) Staves
 + Level 18.2 Ranged Weapons
 O Level 27 Throwing
 O Level 27 Armour
 O Level 27 Dodging
 O Level 27 Stealth
 + Level 21.3 Shields
 + Level 21.3 Unarmed Combat
 O Level 27 Spellcasting
 O Level 27 Conjurations
 O Level 27 Hexes
 O Level 27 Summonings
 O Level 27 Necromancy
 O Level 27 Translocations
 O Level 27 Fire Magic
 O Level 27 Ice Magic
 O Level 27 Air Magic
 O Level 27 Earth Magic
 O Level 27 Alchemy
 + Level 21.3 Invocations
 + Level 21.3 Evocations
 + Level 18.2 Shapeshifting


You knew the following spells:

 Your Spells              Type           Power      Damage    Failure   Level
a - Blink                 Tloc           100%       N/A       0%          2
b - Lesser Beckoning      Tloc           100%       N/A       0%          2
c - Teleport Other        Tloc           88%        N/A       0%          3
d - Manifold Assault      Tloc           88%        N/A       0%          4
e - Vhi's Electric Charg  Tloc/Air       100%       N/A       0%          4
f - Sandblast             Erth           100%       2d20      0%          1
g - Mercury Vapours       Alch/Air       100%       N/A       0%          2
h - Mephitic Cloud        Conj/Alch/Air  88%        N/A       0%          3
i - Dazzling Flash        Conj/Hex       100%       N/A       0%          3
j - Irradiate             Conj/Alch      44%        3d26      0%          5
k - Freezing Cloud        Conj/Ice/Air   44%        6-21      0%          5
l - Eringya's Noxious Bo  Alch           44%        4d6       0%          6
m - Enfeeble              Hex            44%        N/A       1%          7
n - Orb of Destruction    Conj           44%        9d12      1%          7
o - Disjunction           Tloc           44%        N/A       1%          8
p - Maxwell's Capacitive  Air            44%        ∞         1%          8
q - Polar Vortex          Ice            44%        12d5*     2%          9
Your spell library was empty.

Dungeon Overview and Level Annotations

Branches:
Dungeon (1/1)

Altars:
Makhleb


Innate Abilities, Weirdness & Mutations

You are immune to sickness and miasma.
You are immune to poison.
Your flesh is very heat resistant. (rF++)
You are vulnerable to cold. (rC-)
You float through the air rather than walking.
You learn spells naturally, not from books.
Your magical power is your life essence.
You have superior vitality. (+4 MHP)


Message History

A bag of meat comes into view. It is wielding a +9 war axe.
The bag of meat is engulfed in blazing flames.
The bag of meat shouts!
You hear two shouts!
Your base Short Blades skill increases to level 19!
Your base Long Blades skill increases to level 19!
Your base Maces & Flails skill increases to level 17!
Your base Polearms skill increases to level 17!
Your base Staves skill increases to level 19!
Your Ranged Weapons skill increases to level 17!
Your Shields skill increases to level 20!
Your Unarmed Combat skill increases to level 20!
Your Invocations skill increases to level 20!
Your Evocations skill increases to level 20!
Your Shapeshifting skill increases to level 17!
You have reached level 26!
The bag of meat shouts!
You slice the bag of meat like a ripe choko!!!
You chop the bag of meat into pieces.
You kill the bag of meat!
Makhleb accepts your kill.
You slice the bag of meat!!
You dissect the bag of meat like a pig carcass.
You kill the bag of meat!
Makhleb accepts your kill.
You hear a shout! x2
The sculptor of flesh is engulfed in blazing flames.
Your base Maces & Flails skill increases to level 18!
Your base Polearms skill increases to level 18!
Your Ranged Weapons skill increases to level 18!
Your Shields skill increases to level 21!
Your Unarmed Combat skill increases to level 21!
Your Invocations skill increases to level 21!
Your Evocations skill increases to level 21!
Your Shapeshifting skill increases to level 18!
The bag of meat is engulfed in blazing flames.
The bag of meat hits you with a +9 war axe!!
A bag of meat comes into view. It is wielding a +9 war axe. x3
The sculptor of flesh hits you with a +9 great sword!!!!!
Ouch! That really hurt!
You die...

...o§§.......o
..§°§......o.
.§§§.).)....
§§§).).....
)o).....).
#oo...).# §)
#.zo....#
.))###.@)o...###.
○o....o.###......
#.....)))_.))).).
.....o#.))..#....
......#_.<._# .
.)....#))).o#
#o......._...)))
oo.....)###...)).
°.○###)). ..###.


You could see a sculptor of flesh and 15 bags of meat.

Vanquished Creatures
  4 vampire knights (D)
  14 ogres (D)
  4 two-headed ogres (D)
  52 orcs (D)
  4 skeletal warriors (D)
78 creatures vanquished.

Notes
Turn   | Place    | Note
-------+----------+-------------------------------------------
     0 | D        | Found the +∞ Axe of Woe
     0 | D        | adelrune the Djinni Warper began the quest for the Orb.
     0 | D        | adelrune set off with the following spells memorised:
                  | Blink, Lesser Beckoning, Teleport Other, Manifold Assault,
                  | Vhi's Electric Charge.
     0 | D        | Reached XP level 1. HP: 18/18 MP: 0/0
     4 | D        | Became a worshipper of Makhleb the Destroyer
     4 | D        | Noticed a bag of meat
     4 | D        | Noticed a bag of meat
     5 | D        | Noticed a bag of meat
     5 | D        | Noticed a bag of meat
     6 | D        | Noticed a bag of meat
     6 | D        | Noticed a bag of meat
     6 | D        | Noticed a bag of meat
     7 | D        | Noticed a bag of meat
     8 | D        | Killed a bag of meat
     8 | D        | Noticed a bag of meat
     8 | D        | Noticed a bag of meat
     9 | D        | Reached skill level 15 in Dodging
     9 | D        | Reached XP level 2. HP: 42/42 MP: 0/0
     9 | D        | Reached XP level 3. HP: 48/48 MP: 0/0
     9 | D        | Learned a level 1 spell: Sandblast
     9 | D        | Reached XP level 4. HP: 54/54 MP: 0/0
     9 | D        | Reached XP level 5. HP: 59/59 MP: 0/0
     9 | D        | Learned a level 2 spell: Mercury Vapours
     9 | D        | Reached XP level 6. HP: 66/66 MP: 0/0
     9 | D        | Reached XP level 7. HP: 71/71 MP: 0/0
     9 | D        | Learned a level 3 spell: Mephitic Cloud
     9 | D        | Reached XP level 8. HP: 77/77 MP: 0/0
     9 | D        | Reached XP level 9. HP: 83/83 MP: 0/0
     9 | D        | Learned a level 3 spell: Dazzling Flash
     9 | D        | Reached XP level 10. HP: 89/89 MP: 0/0
     9 | D        | Reached XP level 11. HP: 94/94 MP: 0/0
     9 | D        | Learned a level 5 spell: Irradiate
     9 | D        | Noticed a meat berserker
     9 | D        | Noticed a bag of meat
     9 | D        | Killed a bag of meat
     9 | D        | Reached * piety under Makhleb
     9 | D        | Killed a bag of meat
    10 | D        | Reached skill level 5 in Throwing
    10 | D        | Reached XP level 12. HP: 108/108 MP: 0/0
    10 | D        | Reached XP level 13. HP: 113/113 MP: 0/0
    10 | D        | Learned a level 5 spell: Freezing Cloud
    10 | D        | Killed a meat berserker
    10 | D        | Noticed a bag of meat
    11 | D        | Reached XP level 14. HP: 124/124 MP: 0/0
    11 | D        | Killed a bag of meat
    11 | D        | Reached ** piety under Makhleb
    11 | D        | Killed a bag of meat
    11 | D        | Killed a bag of meat
    11 | D        | Killed a bag of meat
    11 | D        | Reached *** piety under Makhleb
    12 | D        | Reached XP level 15. HP: 137/137 MP: 0/0
    12 | D        | Learned a level 6 spell: Eringya's Noxious Bog
    13 | D        | Reached **** piety under Makhleb
    13 | D        | Noticed a meat berserker
    14 | D        | Reached XP level 16. HP: 148/148 MP: 0/0
    14 | D        | Killed a meat berserker
    14 | D        | Reached ***** piety under Makhleb
    14 | D        | Noticed a meat berserker
    14 | D        | Noticed a meat berserker
    15 | D        | Reached skill level 27 in Fighting
    15 | D        | Reached skill level 27 in Dodging
    15 | D        | Reached XP level 17. HP: 160/160 MP: 0/0
    15 | D        | Learned a level 7 spell: Enfeeble
    15 | D        | Killed a meat berserker
    15 | D        | Noticed a meat berserker
    16 | D        | Reached skill level 27 in Axes
    16 | D        | Noticed a meat berserker
    17 | D        | Noticed a meat berserker
    18 | D        | Killed a meat berserker
    19 | D        | Reached XP level 18. HP: 125/167 MP: 0/0
    19 | D        | Killed a meat berserker
    20 | D        | Reached skill level 15 in Throwing
    20 | D        | Reached skill level 15 in Armour
    20 | D        | Noticed a meat berserker
    21 | D        | Killed a meat berserker
    21 | D        | Reached ****** piety under Makhleb
    22 | D        | Reached XP level 19. HP: 174/174 MP: 0/0
    22 | D        | Learned a level 7 spell: Orb of Destruction
    22 | D        | Killed a meat berserker
    23 | D        | Noticed a meat berserker
    24 | D        | Killed a meat berserker
    24 | D        | Killed a meat berserker
    25 | D        | Reached skill level 27 in Spellcasting
    25 | D        | Reached skill level 27 in Conjurations
    25 | D        | Reached skill level 27 in Hexes
    25 | D        | Reached skill level 27 in Summonings
    25 | D        | Reached skill level 27 in Necromancy
    25 | D        | Reached skill level 27 in Translocations
    25 | D        | Reached skill level 27 in Fire Magic
    25 | D        | Reached skill level 27 in Ice Magic
    25 | D        | Reached skill level 27 in Air Magic
    25 | D        | Reached skill level 27 in Earth Magic
    25 | D        | Reached skill level 27 in Alchemy
    25 | D        | Reached XP level 20. HP: 181/181 MP: 0/0
    25 | D        | Noticed a destroyer
    26 | D        | Killed a destroyer
    26 | D        | Noticed a large bag of meat
    26 | D        | Noticed a destroyer
    27 | D        | Reached skill level 27 in Throwing
    27 | D        | Reached skill level 27 in Armour
    27 | D        | Reached XP level 21. HP: 187/187 MP: 0/0
    27 | D        | Learned a level 8 spell: Disjunction
    27 | D        | Killed a large bag of meat
    27 | D        | Killed a destroyer
    27 | D        | Noticed a meat berserker
    27 | D        | Noticed a meat berserker
    28 | D        | Reached XP level 22. HP: 194/194 MP: 0/0
    28 | D        | Killed a meat berserker
    28 | D        | Killed a meat berserker
    28 | D        | Noticed a meat berserker
    29 | D        | Reached skill level 10 in Maces & Flails
    29 | D        | Reached skill level 10 in Polearms
    29 | D        | Reached skill level 10 in Ranged Weapons
    29 | D        | Reached skill level 10 in Shapeshifting
    29 | D        | Killed a meat berserker
    29 | D        | Noticed a large bag of meat
    30 | D        | Reached XP level 23. HP: 201/201 MP: 0/0
    30 | D        | Learned a level 8 spell: Maxwell's Capacitive Coupling
    30 | D        | Killed a large bag of meat
    31 | D        | Reached skill level 15 in Shields
    31 | D        | Reached skill level 15 in Unarmed Combat
    31 | D        | Reached skill level 15 in Invocations
    31 | D        | Reached skill level 15 in Evocations
    32 | D        | Noticed a large bag of meat
    32 | D        | Noticed a destroyer
    33 | D        | Noticed a destroyer
    34 | D        | Killed a large bag of meat
    35 | D        | Reached XP level 24. HP: 208/208 MP: 0/0
    37 | D        | Reached skill level 27 in Stealth
    39 | D        | Reached skill level 15 in Short Blades
    39 | D        | Reached skill level 15 in Long Blades
    39 | D        | Reached skill level 15 in Staves
    39 | D        | Killed a destroyer
    39 | D        | Noticed a large bag of meat
    40 | D        | Reached skill level 15 in Maces & Flails
    40 | D        | Reached skill level 15 in Polearms
    40 | D        | Reached skill level 15 in Ranged Weapons
    40 | D        | Reached skill level 15 in Shapeshifting
    40 | D        | Reached XP level 25. HP: 214/214 MP: 0/0
    40 | D        | Learned a level 9 spell: Polar Vortex
    41 | D        | Killed a large bag of meat
    42 | D        | Killed a destroyer
    43 | D        | Reached XP level 26. HP: 221/221 MP: 0/0
    44 | D        | Annihilated by a sculptor of flesh

Illustrated notes

Levels and vault maps discovered:
D:        meatsprint

Skill      XL: |  1  2  3  4  5  6  7  8  9 10 11 12 13 14 15 16 17 18 19 20 21 22 23 24 25 26 |
---------------+-------------------------------------------------------------------------------+-----
Fighting       | 14 17 19 22 24 27 | 27.0
Axes           | 13 16 18 21 23 25 27 | 27.0
Throwing       | 3 5 6 7 8 13 18 21 27 | 27.0
Armour         | 4 6 8 9 14 17 20 27 | 27.0
Dodging        | 15 18 20 23 26 27 | 27.0
Spellcasting   | 11 20 27 | 27.0
Conjurations   | 11 20 27 | 27.0
Hexes          | 11 20 27 | 27.0
Summonings     | 11 20 27 | 27.0
Necromancy     | 11 20 27 | 27.0
Translocations | 11 20 27 | 27.0
Fire Magic     | 11 20 27 | 27.0
Ice Magic      | 11 20 27 | 27.0
Air Magic      | 11 20 27 | 27.0
Earth Magic    | 11 20 27 | 27.0
Alchemy        | 11 20 27 | 27.0
Short Blades   | 8 12 13 16 19 | 19.7
Long Blades    | 8 12 13 16 19 | 19.7
Maces & Flails | 7 11 12 15 17 18 | 18.2
Polearms       | 7 11 12 15 17 18 | 18.2
Staves         | 8 12 13 16 19 | 19.7
Ranged Weapons | 7 11 12 15 17 18 | 18.2
Stealth        | 8 12 24 27 | 27.0
Shields        | 9 13 15 18 20 21 | 21.3
Unarmed Combat | 9 13 15 18 20 21 | 21.3
Invocations    | 9 13 15 18 20 21 | 21.3
Evocations     | 9 13 15 18 20 21 | 21.3
Shapeshifting  | 7 11 12 15 17 18 | 18.2

Action                     |  1- 3 |  4- 6 |  7- 9 | 10-12 | 13-15 | 16-18 | 19-21 | 22-24 | 25-27 || total
---------------------------+-------+-------+-------+-------+-------+-------+-------+-------+-------++-------
  Melee: Executioner's axe |     1 |       |       |     1 |     6 |    11 |    18 |    25 |     7 ||    69
   Cast: Manifold Assault  |       |       |       |       |     2 |     4 |     4 |     6 |     1 ||    17
 Armour: Leather armour    |       |       |       |       |       |     1 |       |       |     2 ||     3

Table legend: (Time is in decaauts)
 A = Elapsed time spent in this place.
 B = Non-inter-level travel time spent in this place.
 C = Inter-level travel time spent in this place.
 D = Time resting spent in this place.
 E = Time spent auto-exploring this place.
 F = Levels seen in this place.
 G = Mean time per level.
                   A        B        C        D        E       F      G
               +--------+--------+--------+--------+--------+-----+--------+
         Total |     36 |     36 |      0 |      0 |      0 |   1 |   36.0 |
       Dungeon |     36 |     36 |      0 |      0 |      0 |   1 |   36.0 |
               +--------+--------+--------+--------+--------+-----+--------+

Top non-repeatable levels by time:
       D: 36 daAuts
